 Dungeon Crawl Stone Soup version 0.27-a0-1181-g5f64966fcc (webtiles) character file.

Game seed: 200191765041125474

2369 bilbop the Blocker (level 9, 0/81 HPs)
             Began as a Minotaur Fighter on May 17, 2021.
             Was an Initiate of Yredelemnul.
             Killed from afar by an orc wizard (1 damage)
             ... with a magic dart
             ... on level 6 of the Dungeon on May 18, 2021.
             The game lasted 00:30:33 (7613 turns).

bilbop the Blocker (Minotaur Fighter)               Turns: 7613, Time: 00:30:34

Health: 0/81       AC: 13    Str: 20    XL:     9   Next: 21%
Magic:  8/8        EV:  5    Int:  5    God:    Yredelemnul [......]
Gold:   353        SH: 11    Dex: 14    Spells: 8/8 levels left

rFire    . . .     SeeInvis .   a - +0 trident
rCold    . . .     Faith    .   c - +0 kite shield
rNeg     + . .     Spirit   .   h - +0 plate armour
rPois    .         Reflect  .   (helmet restricted)
rElec    .         Harm     .   (no cloak)
rCorr    .         Rampage  .   (no gloves)
Will     .....                  (no boots)
Stlth    ..........             (no amulet)
HPRegen  0.23/turn              f - ring of positive energy
MPRegen  0.11/turn              g - ring of wizardry

@: lethally poisoned (0 -> -24)
A: horns 2, retaliatory headbutt
a: Renounce Religion


You were on level 6 of the Dungeon.
You worshipped Yredelemnul.
Yredelemnul was noncommittal.
You visited 1 branch of the dungeon, and saw 7 of its levels.

You collected 353 gold pieces.

Inventory:

Hand Weapons
 a - a +0 trident (weapon)
 b - a +0 vorpal hunting sling
Missiles
 w - 142 stones (quivered)
 y - 29 sling bullets
 B - a curare-tipped dart
Armour
 c - a +0 kite shield (worn)
 h - a +0 plate armour (worn)
Jewellery
 f - a ring of positive energy (left hand)
 g - a ring of wizardry (right hand)
Wands
 n - a wand of flame (44)
 u - a wand of iceblast (8)
Scrolls
 e - a scroll of immolation {unknown}
 j - 2 scrolls of fog {unknown}
 m - a scroll of fear {unknown}
 p - a scroll of noise {unknown}
 q - 2 scrolls of identify {unknown}
 s - a scroll of enchant armour {unknown}
 t - a scroll of vulnerability {unknown}
 z - a scroll of holy word {unknown}
Potions
 d - 2 potions of might
 i - a potion of invisibility {unknown}
 k - a potion of curing {unknown}
 l - 2 potions of haste {unknown}
 o - a potion of flight {unknown}
 r - a potion of lignification {unknown}
 x - 2 potions of berserk rage {unknown}
 A - a potion of resistance


   Skills:
 + Level 8.2 Fighting
 + Level 7.7 Polearms
 + Level 1.0 Slings
 + Level 8.2 Armour
 + Level 8.3 Shields


You had 8 spell levels left.
You didn't know any spells.
Your spell library was empty.

Dungeon Overview and Level Annotations

Branches:
Dungeon (7/15)
 Temple: D:4-7

Altars:
Makhleb
Nemelex Xobeh
Qazlal
Wu Jian
Yredelemnul
Zin

Annotations:
D:5 2 transporters, Likado's ghost, novice DjFE


Innate Abilities, Weirdness & Mutations

You have a pair of horns on your head.
You reflexively headbutt those who attack you in melee.


Message History

You block the orc warrior's attack.
You hit the orc warrior but do no damage.
The orc warrior is heavily wounded.
You feel very sick. You block something's attack.
The orc warrior hits you with a +2 battleaxe of freezing.
The orc warrior freezes you.
You hit the orc warrior but do no damage.
The orc warrior is heavily wounded.
You feel sick. Something hits you.
* * * LOW HITPOINT WARNING * * *
You are more poisoned.
You block the orc warrior's attack.
You barely miss the orc warrior.
The orc warrior is heavily wounded.
* * * LOW HITPOINT WARNING * * *
You feel very sick. Something hits you.
* * * LOW HITPOINT WARNING * * *
You are more poisoned.
You block the orc warrior's attack.
You hit the orc warrior.
The orc warrior is heavily wounded.
* * * LOW HITPOINT WARNING * * *
You feel extremely sick. Something hits you but does no damage.
You are more poisoned.
You block the orc warrior's attack.
You hit the orc warrior.
The orc warrior is heavily wounded.
* * * LOW HITPOINT WARNING * * *
You feel extremely sick. Something hits you.
* * * LOW HITPOINT WARNING * * *
You block the orc warrior's attack.
You hear some strange, mumbled words.
A magic dart appears from out of thin air!
The magic dart hits you.
You die...
Your body rises from the dead as a mindless zombie.

### #####.##.######## #
..#######...#..#.#......#########
........................'........
..#######...##...#......#########
### #...###..#...............
#...###..#......#........
#.........#####.#.###....
####......o# #.#.# #....
########..'.....@.# #.#.# #....
......##.##.....{.# #.#.# ###.#
......##.##.......## #.#.### #.#
......##.#.≈^≈..≈..## #.#...###.#
########..#^...≈.≈#.# #.#.....#.#
#.§##^..^≈..≈# #.#.#.#.#.#
#..≈##...≈^#§# #.#.#.#.#.#
########........^...###..####.#.#
)............._......##..'_##.#.#


You could see an orc warrior.

Vanquished Creatures
  A hornet zombie (D:5)
  An orc warrior (D:6)
  2 ice beasts (D:6)
  4 necrophages
  2 ogres (D:4)
  A centaur (D:6)
  A phantom (D:5)
  3 bullfrogs (D:6)
  A kobold brigand (D:6)
  3 scorpions
  A wyvern zombie (D:6)
  A water moccasin zombie (D:5)
  3 wights (D:5)
  A bullfrog zombie (D:5)
  2 jellies (D:5)
  A human zombie (D:5)
  An orc priest (D:6)
  2 bullfrog skeletons (D:6)
  3 hounds
  2 iguanas
  Natasha (thrice) (D:2)
  A killer bee zombie (D:5)
  A hound skeleton (D:4)
  3 mummies (D:5)
  4 adders
  4 gnolls (D:5)
  A shadow imp (D:7)
  An ufetubus (D:4)
  An adder skeleton (D:4)
  A worm (D:3)
  11 orcs
  10 endoplasms
  4 giant cockroaches
  3 hobgoblins
  10 jackals
  3 quokkas
  6 ball pythons
  6 bats
  5 frilled lizards
  10 goblins
  10 kobolds
  7 rats
141 creatures vanquished.

Notes
Turn   | Place    | Note
-------+----------+-------------------------------------------
     0 | D:1      | bilbop the Minotaur Fighter began the quest for the Orb.
     0 | D:1      | Reached XP level 1. HP: 19/19 MP: 0/0
    51 | D:1      | Reached XP level 2. HP: 26/27 MP: 1/1
   493 | D:1      | Found a faded altar of an unknown god.
   858 | D:1      | Reached XP level 3. HP: 33/33 MP: 2/2
  1497 | D:2      | Noticed Natasha
  1502 | D:2      | Killed Natasha
  1535 | D:2      | Reached XP level 4. HP: 40/40 MP: 3/3
  2083 | D:2      | Noticed Natasha
  2090 | D:2      | Killed Natasha
  2187 | D:2      | Noticed Natasha
  2194 | D:2      | Killed Natasha
  2766 | D:3      | Found a glowing silver altar of Zin.
  3272 | D:3      | Reached XP level 5. HP: 47/47 MP: 4/4
  3720 | D:4      | Noticed an ogre
  3978 | D:4      | Noticed an ogre
  3986 | D:4      | Killed an ogre
  3987 | D:4      | Reached skill level 5 in Fighting
  3987 | D:4      | Reached skill level 5 in Armour
  3987 | D:4      | Reached skill level 5 in Shields
  4168 | D:4      | Killed an ogre
  4169 | D:4      | Reached XP level 6. HP: 56/56 MP: 5/5
  4241 | D:4      | You fall into a shaft and drop 1 floor!
  4241 | D:5      | Entered Level 5 of the Dungeon
  4275 | D:5      | Noticed Likado's ghost (novice DjFE)
  4276 | D:5      | Found a transporter.
  4567 | D:5      | Reached XP level 7. HP: 62/62 MP: 6/6
  4575 | D:5      | Reached skill level 5 in Polearms
  4647 | D:5      | Found a transporter.
  4922 | D:4      | Found a burning altar of Makhleb.
  5306 | D:5      | Reached XP level 8. HP: 71/71 MP: 7/7
  5734 | D:5      | Found a basalt altar of Yredelemnul.
  5747 | D:5      | Became a worshipper of Yredelemnul the Dark
  5958 | D:6      | Found a stormy altar of Qazlal.
  6035 | D:6      | Found a sparkling altar of Nemelex Xobeh.
  6372 | D:6      | Reached XP level 9. HP: 76/81 MP: 8/8
  6942 | D:6      | Found an ornate altar of the Wu Jian Council.
  7555 | D:6      | Reached skill level 1 in Slings
  7613 | D:6      | HP: 2/81 [poisoned by an orc wizard]
  7613 | D:6      | Killed from afar by an orc wizard

Illustrated notes

Levels and vault maps discovered:
D:1:      amcnicky_arrival_wind_blow, layout_loops_corners,
          basic_ecumenical_altar, minmay_misc_feat_encased,
          hangedman_decor_riveting
D:2:      layout_loops_corners, serial_co_window_serial, co_window_paths_a,
          co_window_paths_a, co_window_of_opportunity_a,
          co_window_of_opportunity_a, co_window_cross_1, co_window_paths_c,
          co_window_of_opportunity_c, co_window_2corner, co_window_2corner,
          co_window_paths_e, glass_columns_a, glass_columns_c, glass_columns_a,
          glass_columns_b, minmay_tetromino_o4, uniq_natasha
D:3:      layout_basic, zin_treasury
D:4:      layout_basic, makhleb_blood_cavern_becter, hex_medium,
          minmay_goblin_outpost
D:5:      layout_rooms, lemuel_mausoleum_altar_yredelemnul, serial_curves,
          eino_curves_01, eino_curves_03, gammafunk_ghost_arena
D:6:      layout_basic, kennysheep_mini, grunt_qazlal_sundering,
          amcnicky_altar_gilded
D:7:      layout_cave_pools, fedhas_altar_3, tso_altar,
          overflow_temple_1_default, minmay_temple_entry_wispy, uniq_pikel

Skill      XL: |  1  2  3  4  5  6  7  8  9 |
---------------+----------------------------+-----
Armour         | 4 5 6 7 8 |  8.2
Shields        | 4 5 6 8 |  8.3
Fighting       | 4 5 6 7 8 |  8.2
Polearms       | 3 4 6 7 |  7.7
Slings         | 1 |  1.0

Action                   |  1- 3 |  4- 6 |  7- 9 || total
-------------------------+-------+-------+-------++-------
Melee: Trident           |    89 |   137 |   267 ||   493
       Headbutt          |    12 |    20 |    65 ||    97
 Fire: Hunting sling     |       |     2 |     4 ||     6
Armor: Scale mail        |     8 |       |       ||     8
       Plate armour      |    34 |    48 |   119 ||   201
Dodge: Dodged            |    15 |    18 |    37 ||    70
Block: Kite shield       |    23 |    60 |   150 ||   233

Table legend: (Time is in decaauts)
 A = Elapsed time spent in this place.
 B = Non-inter-level travel time spent in this place.
 C = Inter-level travel time spent in this place.
 D = Time resting spent in this place.
 E = Time spent auto-exploring this place.
 F = Levels seen in this place.
 G = Mean time per level.
                   A        B        C        D        E       F      G
               +--------+--------+--------+--------+--------+-----+--------+
         Total |   7745 |   7175 |    570 |   1050 |   5020 |   7 | 1106.4 |
       Dungeon |   7745 |   7175 |    570 |   1050 |   5020 |   7 | 1106.4 |
               +--------+--------+--------+--------+--------+-----+--------+

Top non-repeatable levels by time:
     D:6: 1756 daAuts
     D:2: 1410 daAuts
     D:3: 1222 daAuts
     D:5: 1210 daAuts
     D:1: 1073 daAuts
     D:4: 1044 daAuts
     D:7: 28 daAuts
